 Dungeon Crawl Stone Soup version 0.27-a0-1416-g941b2bd30b (webtiles) character file.

Game seed: 1809404482747366758

513 Brandom the Insei (level 7, -6/47 HPs)
             Began as an Octopode Transmuter on July 1, 2021.
             Was a Priest of Nemelex Xobeh.
             Mangled by a gnoll (10 damage)
             ... on level 5 of the Dungeon.
             The game lasted 00:15:39 (6088 turns).

Brandom the Insei (Octopode Transmuter)             Turns: 6088, Time: 00:15:39

Health: -6/47      AC:  1    Str:  9    XL:     7   Next: 20%
Magic:  11/11      EV: 13    Int: 18    God:    Nemelex Xobeh [***...]
Gold:   233        SH:  0    Dex: 12    Spells: 4/11 levels left

rFire    + . .     SeeInvis .     - Unarmed
rCold    . . .     Faith    .   (no shield)
rNeg     . . .     Spirit   .   (helmet restricted)
rPois    .         Reflect  .   (no amulet)
rElec    .         Harm     .   o - ring of protection from fire
rCorr    .         Rampage  .   (no ring)
Will     .....                  (no ring)
Stlth    ++........             (no ring)
HPRegen  0.15/turn              (no ring)
MPRegen  0.12/turn              (no ring)
                                (no ring)
                                (no ring)

@: lethally poisoned (-6 -> -19)
A: almost no armour, amphibious, 8 rings, camouflage 1, gelatinous body 1,
(nimble swimmer 1), tentacles
a: Renounce Religion, Draw Escape, Draw Destruction, Draw Summoning, Triple Draw


You were on level 5 of the Dungeon.
You worshipped Nemelex Xobeh.
Nemelex Xobeh was most pleased with you.
You visited 1 branch of the dungeon, and saw 6 of its levels.

You collected 233 gold pieces.

Inventory:

Hand Weapons
 p - a +0 glaive
   (You found it on level 5 of the Dungeon)
Jewellery
 n - a ring of fire
   (You found it on level 4 of the Dungeon)
 o - a ring of protection from fire (left tentacle)
   (You found it on level 5 of the Dungeon)
Wands
 a - a wand of polymorph (5)
   (You found it on level 3 of the Dungeon)
 d - a wand of iceblast (13)
   (You found it on level 2 of the Dungeon)
 t - a wand of flame (22)
   (You found it on level 5 of the Dungeon)
Scrolls
 b - 3 scrolls of magic mapping
 e - 2 scrolls of teleportation {@r4}
 h - 2 scrolls of fog {unknown}
 i - 2 scrolls of enchant weapon {unknown}
 j - a scroll of acquirement {unknown}
 k - 2 scrolls of noise {unknown}
 m - 2 scrolls of amnesia {unknown}
 q - a scroll of vulnerability {unknown}
 u - a scroll of holy word {unknown}
Potions
 c - 5 potions of curing {@q1}
 f - a potion of haste {@q3}
 g - a potion of flight
 l - a potion of lignification {unknown}
 r - 2 potions of heal wounds {unknown}
 s - a potion of mutation {unknown}


   Skills:
 * Level 3.7 Fighting
 + Level 3.1 Dodging
 + Level 3.9 Unarmed Combat
 + Level 2.9 Spellcasting
 + Level 3.2 Transmutations
 + Level 1.6 Ice Magic
 - Level 2.0 Poison Magic
 + Level 2.2 Invocations


You had 4 spell levels left.
You knew the following spells:

 Your Spells              Type           Power      Damage    Failure   Level
a - Beastly Appendage     Tmut           28%        N/A       4%          1
b - Ozocubu's Armour      Ice            8%         N/A       24%         3
x - Spider Form           Tmut/Pois      6%         N/A       17%         3

Your spell library contained the following spells:

 Spells                   Type           Power      Damage    Failure   Level
 Wereblood                Tmut           14%        N/A       7%          2
 Frozen Ramparts          Ice            16%        1d3       24%         3
 Blink                    Tloc           N/A        N/A       26%         2
 Ice Form                 Ice/Tmut       11%        N/A       52%         4
 Olgreb's Toxic Radiance  Pois           9%         N/A       58%         4
 Summon Ice Beast         Ice/Summ       5%         N/A       75%         4
 Metabolic Englaciation   Hex/Ice        2%         N/A       97%         5
 Manifold Assault         Tloc           2%         N/A       99%         5
 Simulacrum               Ice/Necr       2%         N/A       100%        6
 Ozocubu's Refrigeration  Ice            4%         4d5       100%        7
 Storm Form               Tmut/Air       4%         N/A       100%        7
 Shatter                  Erth           1%         3d5*      100%        9


Dungeon Overview and Level Annotations

Branches:
Dungeon (6/15)             Temple (0/1) D:5

Altars:
Gozag
Nemelex Xobeh

Shops:
D:4 *

Annotations:
D:5 1 transporter, funkygono's ghost, novice GrFE


Innate Abilities, Weirdness & Mutations

You cannot wear most types of armour.
You are amphibious.
You can wear up to eight rings at the same time.
Your skin changes colour to match your surroundings (Stealth+).
Your rubbery body absorbs attacks. (AC +1, EV +1)
((You are camouflaged near water. (Stealth+)))
You have tentacles for arms and can constrict up to eight enemies at once.


Message History

The gnoll shouts!
Found a scroll labelled RIYSIQ DIL HIE.
r - 2 pink potions (gained 1)
The gnoll shouts!
The gnoll sergeant shouts!
k - 2 scrolls labelled RIYSIQ DIL HIE (gained 1)
Found a ring mail.
Found 13 stones.
Found 17 gold pieces.
You can now choose one out of three cards.
The gnoll shouts!
There is a transporter here.
You enter the transporter and appear at another place.
You draw a card...
You have drawn the Illusion.
Suddenly you stand beside yourself.
You draw a card...
You have drawn the Dance.
No target in view!
h - 2 scrolls labelled YNKIG OBUELIQ (gained 1)
There is an open translucent door here.
You barely miss the gnoll. You grab the gnoll. You constrict the gnoll.
The gnoll hits you with a +0 whip.
You tentacle-slap the gnoll.
You squeeze the gnoll, but do no damage.
You constrict the gnoll. The gnoll hits you with a +0 whip.
Your -2 hand axe of venom hits the gnoll.
The gnoll is poisoned.
You tentacle-slap the gnoll.
You kill the gnoll!
You swap places.
There is an open translucent door here.
You swap places.
The gnoll hits you from afar with a +0 spear of venom.
You are poisoned.
The gnoll completely misses you.
You tentacle-slap the gnoll but do no damage.
Your grab misses the gnoll. You squeeze the gnoll.
You feel sick.
The gnoll hits you from afar with a +0 spear of venom.
You are more poisoned.
The gnoll hits you with a +0 flail.
You closely miss the gnoll. You grab the gnoll.
You constrict the gnoll, but do no damage.
You feel very sick. The gnoll misses you.
The gnoll sergeant hits you from afar with the +9 spear "Vidghigif" {chaos, rF+ Dex+6}!
* * * LOW HITPOINT WARNING * * *
You are electrocuted!
* * * LOW HITPOINT WARNING * * *
The gnoll hits you with a +0 flail!
You die...
Your body disappears without a glow.

#............................#
#.≈≈≈≈≈≈≈≈≈≈≈≈≈≈≈≈≈≈≈≈≈≈≈≈≈..#
#.≈≈≈≈≈≈≈≈≈≈≈≈≈≈≈≈≈≈≈≈≈≈≈≈≈..#
#.≈≈#####.....).....#####≈≈..#
#.≈≈#...#.###.©.###.#...#≈≈..###
#.≈≈#...###.#####.###...#≈≈....#
#.≈≈###.......g.......###≈≈..#.#
#.≈≈.8#.######g######.#8.≈≈.....
#.≈≈.##.#W.=#8(@#.⌠.#.##.≈≈..#(#
#.≈≈.#.?'$.:#⌠©....g'..#.≈≈....#
#.≈≈.##.#$$)#8.g#.⌠.#g##.≈≈..###
#.≈≈.8#.######g######.#8.≈≈..###
#.≈≈###.g.g....)?.....###≈≈.....
#.≈≈#gW.###.#####©###..!#≈≈..###
#.≈≈#gg.#.###.©.###.#...#≈≈.##
#.≈≈#####...........#####≈≈.##
#.≈≈≈≈≈≈≈≈≈≈≈...≈≈≈≈≈≈≈≈≈≈≈..#


You could see 2 gnoll sergeants, 4 gnolls and a friendly -2 hand axe of venom
(summoned).

Vanquished Creatures
  2 ogres (D:5)
  A howler monkey (D:2)
  A centaur zombie (D:4)
  An iguana (D:4)
  2 orc wizards (D:4)
  A hound skeleton (D:4)
  4 adders
  2 gnolls
  An ufetubus (D:4)
  4 dart slugs
  6 orcs
  8 ball pythons
  7 bats
  7 endoplasms
  4 giant cockroaches
  4 goblins
  7 hobgoblins
  21 jackals
  7 kobolds
  6 quokkas
  3 frilled lizards
  10 rats
109 creatures vanquished.

Vanquished Creatures (others)
  7 plants
7 creatures vanquished.

Grand Total: 116 creatures vanquished

Notes
Turn   | Place    | Note
-------+----------+-------------------------------------------
     0 | D:1      | Brandom the Octopode Transmuter began the quest for the
                  | Orb.
     0 | D:1      | Reached XP level 1. HP: 13/13 MP: 3/3
   268 | D:1      | Reached XP level 2. HP: 12/18 MP: 5/5
   499 | D:1      | Found a faded altar of an unknown god.
   506 | D:1      | Became a worshipper of Nemelex Xobeh the Trickster
   506 | D:1      | Reached * piety under Nemelex Xobeh
   692 | D:1      | Received a gift from Nemelex Xobeh
   971 | D:1      | Reached XP level 3. HP: 19/24 MP: 6/6
  1468 | D:1      | Learned a level 3 spell: Spider Form
  2006 | D:2      | Reached XP level 4. HP: 30/30 MP: 5/7
  2059 | D:2      | Reached ** piety under Nemelex Xobeh
  2221 | D:2      | Reached skill level 1 in Invocations
  2432 | D:2      | Learned a level 3 spell: Ozocubu's Armour
  2680 | D:2      | HP: 1/30 [hound (3)]
  2685 | D:2      | Reached XP level 5. HP: 1/35 MP: 8/8
  3077 | D:3      | Reached skill level 1 in Poison Magic
  4192 | D:4      | Received a gift from Nemelex Xobeh
  4233 | D:4      | Reached skill level 1 in Ice Magic
  4233 | D:4      | Reached XP level 6. HP: 4/42 MP: 9/9
  4715 | D:4      | Found Gozag's Platinum Reserve.
  4716 | D:4      | Found an opulent altar of Gozag.
  5399 | D:5      | Entered Level 5 of the Dungeon
  5468 | D:5      | You fall into a shaft and drop 1 floor!
  5476 | D:5      | Received a gift from Nemelex Xobeh
  5759 | D:5      | Found a staircase to the Ecumenical Temple.
  5807 | D:5      | Found a transporter.
  5812 | D:5      | Noticed funkygono's ghost (novice GrFE)
  5817 | D:5      | Found a transporter.
  5853 | D:5      | Reached XP level 7. HP: 27/47 MP: 5/11
  5910 | D:5      | Identified the +9 spear "Vidghigif" {chaos, rF+ Dex+6}
  5998 | D:5      | Received a gift from Nemelex Xobeh
  6046 | D:5      | Reached *** piety under Nemelex Xobeh
  6088 | D:5      | Mangled by a gnoll

Illustrated notes

Levels and vault maps discovered:
D:1:      dpeg_chamrin_arrival_tetris, layout_basic,
          shapermc_ecumenical_altar_mp_highgroup
D:2:      layout_basic, serial_bayou, serial_bayou_shore_a,
          serial_bayou_crossing, serial_bayou_pond_e, serial_bayou_pond_b,
          minmay_misc_feat_square, cheibrodos_gnoll_hut
D:3:      layout_basic, kennysheep_pointless_box, minmay_joined_circles
D:4:      layout_rooms, nicolae_gozag_zags_fifth_avenue
D:5:      layout_loops_ring, minmay_temple_entry_wispy, serial_shops, shop,
          gammafunk_ghost_gnarly_gnolls
D:6:      layout_basic, grunt_temple_overflow_open

Skill      XL: |  1  2  3  4  5  6 |
---------------+-------------------+-----
Fighting       | 2 3 |  3.7
Invocations    | 1 2 |  2.2
Poison Magic   | 1 2 |  2.0
Ice Magic      | 1 |  1.6
Transmutations | 3 |  3.2
Dodging        | 3 |  3.1
Unarmed Combat | |  3.9
Spellcasting   | |  2.9

Action                   |  1- 3 |  4- 6 |  7- 9 || total
-------------------------+-------+-------+-------++-------
Melee: Unarmed           |   119 |   189 |     5 ||   313
       Tentacles         |    18 |    19 |     2 ||    39
       Constrict         |    30 |    38 |     2 ||    70
       Kick              |     4 |    15 |       ||    19
       Punch             |     1 |     6 |       ||     7
 Cast: Beastly Appendage |     4 |     6 |       ||    10
       Spider Form       |       |     2 |       ||     2
Invok: Draw Destruction  |       |     6 |       ||     6
       Draw Escape       |       |     1 |       ||     1
       Draw Summoning    |       |       |     2 ||     2
  Use: Scroll            |       |     5 |       ||     5
 Stab: Sleeping          |     8 |     5 |       ||    13
Armor: Skin              |    14 |    10 |       ||    24
Dodge: Dodged            |    83 |   124 |     2 ||   209

Table legend: (Time is in decaauts)
 A = Elapsed time spent in this place.
 B = Non-inter-level travel time spent in this place.
 C = Inter-level travel time spent in this place.
 D = Time resting spent in this place.
 E = Time spent auto-exploring this place.
 F = Levels seen in this place.
 G = Mean time per level.
                   A        B        C        D        E       F      G
               +--------+--------+--------+--------+--------+-----+--------+
         Total |   6068 |   5969 |     99 |   1395 |   3697 |   6 | 1011.3 |
       Dungeon |   6068 |   5969 |     99 |   1395 |   3697 |   6 | 1011.3 |
               +--------+--------+--------+--------+--------+-----+--------+

Top non-repeatable levels by time:
     D:1: 1591 daAuts
     D:2: 1362 daAuts
     D:3: 1214 daAuts
     D:4: 1212 daAuts
     D:5: 681 daAuts
     D:6: 5 daAuts
